AoeStats
← The Beer Man

Arena

509843436Analyzed
4v4 RM · 5d ago on Sep 28, 2026· 37m 26s· 8 players
Game mode
Random Map
Map size
Large (8 player)
Population
200
Speed
Normal
Resources
Standard
Victory
Conquest
Starting age
Dark Age
Ending age
Imperial Age
RankedLock teamsTeams togetherTeam positionsShared explorationLock speedFull tech treeHidden civsTurbo modeCheats
Victory
Defeat
🇪🇸 Celts · Spain
1107
+15
🇸🇪 Varangians · Sweden
1048
+17
🇭🇰 Turks · Hong Kong SAR China
1008
+19
🇬🇧 Bulgarians · United Kingdom
939
+21
🇵🇱 Ethiopians · Poland
1208
-23
🇭🇰 Varangians · Hong Kong SAR China
1136
-21
🇨🇳 Persians · China
970
-14
🇨🇳 Mongols · China
967
-14
Wavedash
10:42 Feudal Age
11:59 Loom
14:38 Castle Age
13:35 Double-Bit Axe
14:29 Horse Collar
15:48 Husbandry
18:20 Wheelbarrow
19:37 Bow Saw
19:45 Heavy Plow
22:14 Forging
22:42 Town Watch
25:12 Bloodlines
25:56 Hand Cart
27:37 Iron Casting
28:27 Scale Barding Armor
28:48 Gold Mining
28:48 Stone Mining
28:49 Gold Mining
28:49 Stone Mining
28:55 Stone Mining
30:57 Vendel Legacy
35:12 Imperial Age
33:33 Chain Barding Armor
33:58 Stone Shaft Mining
33:29 Light Cavalry
37:03 Blast Furnace
36:38 Plate Barding Armor
36:49 Plate Barding Armor
35:47 Cavalier
37:55 Conscription
37:53 Fletching
38:03 Padded Archer Armor
The Beer Man
9:12 Loom
11:01 Feudal Age
12:25 Double-Bit Axe
13:10 Arson
21:22 Castle Age
19:45 Scale Mail Armor
19:56 Forging
22:25 Gold Mining
22:29 Stone Mining
22:23 Horse Collar
22:56 Squires
23:32 Bow Saw
23:28 Gambesons
25:01 Wheelbarrow
27:35 Bloodlines
27:25 Husbandry
31:06 Hand Cart
31:35 Gold Shaft Mining
34:09 Stone Shaft Mining
37:52 Imperial Age
FY_Radik
2:33 Loom
10:37 Feudal Age
15:45 Castle Age
13:56 Double-Bit Axe
14:22 Horse Collar
15:20 Gold Mining
18:42 Wheelbarrow
22:06 Forging
22:08 Heavy Plow
21:42 Pikeman
24:26 Scale Mail Armor
26:29 Hand Cart
29:07 Chain Mail Armor
29:28 Iron Casting
32:51 Imperial Age
33:52 Bow Saw
34:16 Plate Mail Armor
35:22 Blast Furnace
33:50 Capped Ram
37:11 Gold Shaft Mining
36:26 Stone Mining
36:32 Onager
Shin Kawashima
8:53 Loom
10:54 Feudal Age
11:37 Horse Collar
16:14 Castle Age
14:56 Double-Bit Axe
15:03 Gold Mining
23:26 Imperial Age
21:32 Heavy Plow
22:29 Bow Saw
22:22 Padded Archer Armor
23:51 Leather Archer Armor
25:57 Ring Archer Armor
31:04 Two-Man Saw
32:51 Scale Barding Armor
32:57 Forging
33:25 Stone Mining
34:14 Gold Shaft Mining
35:09 Wheelbarrow
34:19 Town Watch
34:56 Chain Barding Armor
35:11 Iron Casting
37:06 Husbandry
37:17 Bloodlines
Malakai
10:47 Feudal Age
15:08 Castle Age
14:02 Padded Archer Armor
14:23 Double-Bit Axe
15:07 Horse Collar
15:29 Crossbowman
18:07 Crossbowman
23:12 Wheelbarrow
23:54 Leather Archer Armor
24:48 Fletching
24:58 Light Cavalry
26:27 Bodkin Arrow
26:41 Thumb Ring
28:06 Loom
29:58 Ballistics
JohTo
0:26 Loom
10:24 Feudal Age
12:06 Loom
14:58 Castle Age
13:24 Double-Bit Axe
14:01 Horse Collar
17:45 Bow Saw
23:17 Wheelbarrow
23:08 Town Watch
23:51 Devotion
24:02 Fervor
24:31 Heavy Plow
24:47 Husbandry
25:42 Hand Cart
25:50 Scale Barding Armor
25:55 Forging
26:22 Forging
26:51 Town Patrol
28:08 Chain Barding Armor
28:23 Iron Casting
28:00 Gold Mining
28:00 Stone Mining
30:58 Iron Casting
31:48 Bloodlines
32:17 Fletching
38:01 Imperial Age
L
1:31 Loom
11:09 Feudal Age
11:45 Double-Bit Axe
11:51 Horse Collar
15:43 Castle Age
18:28 Bow Saw
24:48 Stone Mining
24:49 Gold Mining
26:04 Heavy Plow
29:11 Imperial Age
27:38 Town Watch
28:29 Wheelbarrow
28:50 Scale Mail Armor
28:55 Scale Barding Armor
29:01 Forging
30:01 Conscription
30:04 Chain Mail Armor
30:07 Hand Cart
30:09 Husbandry
30:19 Bloodlines
30:47 Chain Barding Armor
30:30 Town Patrol
11111
1:21 Loom
10:44 Feudal Age
14:50 Castle Age
24:15 Double-Bit Axe
Connection lost

Rejoining the realm…

Still unreachable

The connection could not be restored.

Session expired

The server has moved on; the page needs a fresh start.